 Dungeon Crawl Stone Soup version 0.23.0-3-gf3c87f2 (webtiles) character file.

Game seed: 1248491143494175660

790 Mgcat the Chopper (level 7, -1/56 HPs)
             Began as a Barachi Fighter on Feb 24, 2019.
             Slain by an ogre
             ... wielding a +0 giant spiked club
              (15 damage)
             ... on level 5 of the Dungeon.
             The game lasted 00:14:23 (3632 turns).

Mgcat the Chopper (Barachi Fighter)                 Turns: 3632, Time: 00:14:23

Health: -1/56      AC: 12    Str: 20    XL:     7   Next: 87%
Magic:  7/7        EV:  5    Int:  8    God:
Gold:   234        SH: 10    Dex: 11    Spells: 6/6 levels left

rFire    . . .     SeeInvis +   a - +1 war axe
rCold    . . .     Gourm    .   c - +0 shield
rNeg     . . .     Faith    .   k - +1 chain mail
rPois    .         Spirit   .   (no helmet)
rElec    .         Reflect  .   e - +0 cloak
rCorr    .         Harm     .   (no gloves)
MR       .....                  (no boots)
Stlth    ..........             g - amulet of the acrobat
HPRegen  0.18/turn              j - ring of see invisible {sInv, !d}
MPRegen  0.10/turn              i - ring of flight {+Fly, !d}

@: slow
A: +LOS, swims, slowness 1, strong legs 1
a: Hop, Evoke Flight


You were on level 5 of the Dungeon.
You were not hungry.

You visited 1 branch of the dungeon, and saw 5 of its levels.

You collected 234 gold pieces.

Inventory:

Hand Weapons
 a - a +1 war axe (weapon)
Missiles
 h - a throwing net {=f, !d}
Armour
 c - a +0 shield (worn)
 e - a +0 cloak (worn)
   (You found it on level 2 of the Dungeon)
 k - a +1 chain mail (worn)
   (You found it on level 1 of the Dungeon)
Jewellery
 g - an amulet of the acrobat (around neck)
   (You found it on level 4 of the Dungeon)
 i - a ring of flight (right hand) {+Fly, !d}
   (You found it on level 2 of the Dungeon)
 j - a ring of see invisible (left hand) {sInv, !d}
   (You found it on level 1 of the Dungeon)
Wands
 l - a wand of acid (12)
   (You found it on level 3 of the Dungeon)
Scrolls
 b - 3 scrolls of remove curse
 n - a scroll of magic mapping {unknown}
 p - 3 scrolls of identify
 r - a scroll of teleportation
Potions
 d - 3 potions of might
 m - 2 potions of curing {unknown}
 q - a potion of brilliance {unknown}
Miscellaneous
 o - a lamp of fire
   (You found it on level 4 of the Dungeon)
Comestibles
 f - 6 rations


   Skills:
 - Level 5.0 Fighting
 + Level 7.5 Axes
 - Level 5.0 Armour
 - Level 5.0 Shields


You had 6 spell levels left.
You didn't know any spells.
Your spell library was empty.

Dungeon Overview and Level Annotations

Branches:
Dungeon (5/15)
 Temple: D:4-7

Altars:
Nemelex Xobeh


Innate Abilities, Weirdness & Mutations

Shadows flee at your approach. (+LOS)
You can swim through water.
You cover ground slowly.
You can hop short distances.


Message History

Eustachio hits you but does no damage.
Spoiler Alert: Eustachio can summon minor creatures and blink!
You closely miss Eustachio.
Eustachio is heavily wounded.
You block Eustachio's attack.
You hit Eustachio.
Eustachio is heavily wounded.
Eustachio hits you but does no damage.
Spoiler Alert: Eustachio can summon minor creatures and blink!
You hit Eustachio.
Eustachio is severely wounded.
Eustachio mumbles some strange words.
Eustachio blinks!
You slash Eustachio!
Eustachio is almost dead.
Eustachio hits you with a +0 rapier.
You take 2 damage, and have 54/56 hp.
Spoiler Alert: Eustachio can summon minor creatures and blink!
You hit Eustachio but do no damage.
Eustachio is almost dead.
Eustachio gestures wildly while chanting.
You block Eustachio's attack.
You closely miss Eustachio.
Eustachio is almost dead.
Eustachio casts a spell.
Spoiler Alert: Eustachio can summon minor creatures and blink!
You hit Eustachio.
You kill Eustachio!
The iron imp disappears in a puff of smoke!
The quasit disappears in a puff of smoke!
The quokka disappears in a puff of smoke!
The bat disappears in a puff of smoke!
Your life force feels restored.
Your Axes skill increases to level 7!
You block the adder zombie's attack. The adder zombie barely misses you.
Things that are here:
a +0 rapier; a +0 leather armour You closely miss the adder zombie.
The adder zombie bites you but does no damage.
You slash the adder zombie!
The adder zombie is heavily damaged.
The adder zombie bites you but does no damage.
You slash the adder zombie!
You destroy the adder zombie!
No target in view!
There is a stone staircase leading up here.
HP restored.
You now have 205 gold pieces (gained 13).
You now have 221 gold pieces (gained 16).
r - a scroll of teleportation Health restored: 56
Found a stone staircase leading up.
There is a stone staircase leading up here.
Found a stone staircase leading down.
No target in view!
There is a stone staircase leading down here.
An ogre comes into view. It is wielding a +0 giant spiked club.
The ogre shouts!
You see here 13 gold pieces.
Spoiler Alert: The ogre can hit for high damage in melee!
You now have 234 gold pieces (gained 13).
There is a stone staircase leading down here.
You start waiting.
The ogre is too close now for your liking.
You block the ogre's attack.
You hit the ogre.
The ogre is lightly wounded.
The ogre hits you with a +0 giant spiked club!!
You take 19 damage, and have 37/56 hp.
MASSIVE DAMAGE!!
Spoiler Alert: The ogre can hit for high damage in melee!
You are too injured to fight recklessly!
You are too injured to fight recklessly!
You hit the ogre.
The ogre is moderately wounded.
The ogre hits you with a +0 giant spiked club!
You take 12 damage, and have 25/56 hp.
MASSIVE DAMAGE!!
Spoiler Alert: The ogre can hit for high damage in melee!
You hit the ogre.
The ogre is moderately wounded.
The ogre hits you but does no damage.
You closely miss the ogre.
The ogre is moderately wounded.
Your shield and chain mail prevent you from hitting the ogre.
The ogre is moderately wounded.
The ogre hits you but does no damage.
Spoiler Alert: The ogre can hit for high damage in melee!
You closely miss the ogre.
The ogre is moderately wounded.
The ogre hits you with a +0 giant spiked club.
You take 2 damage, and have 23/56 hp.
You slice the ogre!!
The ogre is almost dead.
The ogre hits you with a +0 giant spiked club!
* * * LOW HITPOINT WARNING * * *
You take 9 damage, and have 14/56 hp.
Spoiler Alert: The ogre can hit for high damage in melee!
Your shield and chain mail prevent you from hitting the ogre.
The ogre is almost dead.
The ogre hits you with a +0 giant spiked club!
You die...

#.# #.#
###.########..#..... #.#
#.#####.............#.###.
#.#
#............)<###.##.# #.
#.# #######.#.####.#
#.##.# #. #.# #.#.# #.#
#.##.# #. #.# #.#.# #.#
#.##.# ## #.#
#.#.####.###.##.# ...
#.#..........##.#
#..@.###.######.# ####O#
#.# #.# #.###.## #.#
#.##.#.#####.#
#>#.###..<...#
#.##.#.####### #.###.##
#.# ### ...


You could see an ogre.

Vanquished Creatures
  Eustachio (D:5)
  An ogre (D:4)
  A howler monkey (D:4)
  A crimson imp (D:4)
  An orc priest (D:3)
  Natasha (thrice) (D:3)
  2 iguanas (D:4)
  4 worker ants (D:4)
  3 gnolls (D:3)
  11 adders
  3 oozes
  An adder zombie (D:5)
  2 worms
  3 dart slugs
  9 orcs
  8 bats
  8 giant cockroaches
  6 hobgoblins
  9 jackals
  4 kobolds
  A quokka (D:4)
  2 ball pythons (D:2)
  3 frilled lizards
  A jackal skeleton (D:4)
  8 rats
96 creatures vanquished.

Notes
Turn   | Place    | Note
-------+----------+-------------------------------------------
     0 | D:1      | Mgcat the Barachi Fighter began the quest for the Orb.
     0 | D:1      | Reached XP level 1. HP: 18/18 MP: 1/1
    53 | D:1      | Reached XP level 2. HP: 23/25 MP: 2/2
   410 | D:1      | Reached skill level 4 in Fighting
   538 | D:2      | Reached skill level 4 in Armour
   538 | D:2      | Reached XP level 3. HP: 27/30 MP: 3/3
   623 | D:2      | Found a sparkling altar of Nemelex Xobeh.
   726 | D:2      | Reached XP level 4. HP: 35/37 MP: 4/4
   739 | D:2      | Reached skill level 3 in Axes
   739 | D:2      | Reached skill level 4 in Shields
  1625 | D:3      | Reached XP level 5. HP: 33/43 MP: 5/5
  1768 | D:3      | Noticed Natasha
  1779 | D:3      | Killed Natasha
  1795 | D:3      | Noticed Natasha
  1812 | D:3      | Killed Natasha
  1913 | D:3      | Reached skill level 5 in Armour
  1938 | D:3      | Reached XP level 6. HP: 49/50 MP: 6/6
  1942 | D:3      | Reached skill level 5 in Fighting
  1997 | D:3      | Noticed Natasha
  2011 | D:3      | Killed Natasha
  2165 | D:3      | Reached skill level 4 in Axes
  2485 | D:4      | Reached skill level 5 in Shields
  2658 | D:4      | Reached skill level 5 in Axes
  2770 | D:4      | Reached XP level 7. HP: 53/56 MP: 7/7
  3419 | D:4      | Reached skill level 6 in Axes
  3478 | D:5      | Entered Level 5 of the Dungeon
  3478 | D:5      | Noticed Eustachio
  3540 | D:5      | Killed Eustachio
  3540 | D:5      | Reached skill level 7 in Axes
  3631 | D:5      | HP: 14/56 [ogre/+0 giant spiked club (10)]
  3632 | D:5      | Slain by an ogre

Skill      XL: |  1  2  3  4  5  6  7 |
---------------+----------------------+-----
Fighting       | 4 5 |  5.0
Armour         | 4 5 |  5.0
Axes           | 3 5 7 |  7.5
Shields        | 4 5 |  5.0

Action                   |  1- 3 |  4- 6 |  7- 9 || total
-------------------------+-------+-------+-------++-------
Melee: War axe           |   101 |   278 |    75 ||   454
  Use: Scroll            |     3 |     2 |     2 ||     7
  Eat: Chunk             |       |     8 |     3 ||    11
Armor: Scale mail        |    11 |       |       ||    11
       Chain mail        |    66 |   169 |    21 ||   256
Dodge: Dodged            |    22 |    53 |    13 ||    88
Block: Shield            |    67 |   158 |    29 ||   254

Levels and vault maps discovered:
D:1:      lemuel_arrival_rhombus, layout_rooms
D:2:      wad_pebble_path, layout_basic, nicolae_overflow_crystal_walls,
          first_ration
D:3:      layout_loops_ring, kennysheep_generic_room_10, uniq_natasha
D:4:      layout_loops_cross, minivault_27, hex_tiny,
          kennysheep_opposing_triangles
D:5:      layout_loops_ring, amethyst_overflow_temple_binary, temple_hall_moat,
          minmay_chambers_of_fives, uniq_eustachio

Table legend:
 A = Turns spent in this place as a percentage of turns spent in the entire game.
 B = Non-inter-level travel turns spent in this place as a percentage of non-inter-level travel turns spent in the entire game.
 C = Inter-level travel turns spent in this place as a percentage of turns spent in this place.
 D = Turns resting spent in this place as a percentage of non-inter-level travel turns spent in this place.
 E = Turns spent auto-exploring this place as a percentage of non-inter-level travel turns spent in this place.
 F = Non-inter-level travel turns spent in this place divided by the number of levels of this place that you've seen.
                   A       B       C       D       E      F
               +-------+-------+-------+-------+-------+----------------------
         Total | 100.0 | 100.0 |   5.4 |   5.0 |  70.2 | 687.4
       Dungeon | 100.0 | 100.0 |   5.4 |   5.0 |  70.2 | 687.4
               +-------+-------+-------+-------+-------+----------------------

Table legend:
 A = Kills in this place as a percentage of kills in entire the game.
 B = Kills by you in this place as a percentage of kills by you in the entire game.
 C = Kills by friends in this place as a percentage of kills by friends in the entire game.
 D = Other kills in this place as a percentage of other kills in the entire game.
 E = Experience gained in this place as a percentage of experience gained in the entire game.
 F = Experience gained in this place divided by the number of levels of this place that you have seen.
                   A       B       C       D       E      F
               +-------+-------+-------+-------+-------+----------------------
         Total | 100.0 | 100.0 |   N/A |   N/A | 100.0 | 225.8
       Dungeon | 100.0 | 100.0 |   N/A |   N/A | 100.0 | 225.8
               +-------+-------+-------+-------+-------+----------------------
